AoeStats
← SeemsFishy

Arena

508912704Analyzed
4v4 RM · 7d ago on Sep 24, 2026· 48m 39s· 8 players
Game mode
Random Map
Map size
Large (8 player)
Population
200
Speed
Normal
Resources
Standard
Victory
Conquest
Starting age
Dark Age
Ending age
Imperial Age
RankedLock teamsTeams togetherTeam positionsShared explorationLock speedFull tech treeHidden civsTurbo modeCheats
Victory
Defeat
🇨🇳 Poles · China
1574
+11
🇨🇳 Danes · China
1451
+16
🇨🇳 Shu · China
1413
+17
🇨🇳 Varangians · China
1304
+21
🇭🇰 Teutons · Hong Kong SAR China
1491
-18
🇸🇪 Persians · Sweden
1441
-16
🇹🇼 Britons · Taiwan
1423
-16
🇬🇧 Khmer · United Kingdom
1409
-15
ss839059
10:46 Feudal Age
14:33 Castle Age
13:23 Double-Bit Axe
14:03 Horse Collar
21:29 Wheelbarrow
21:49 Loom
28:23 Imperial Age
26:58 Hand Cart
26:57 Gold Mining
27:01 Stone Mining
27:03 Town Watch
27:43 Fletching
28:13 Bow Saw
28:04 Heavy Plow
28:40 Gold Shaft Mining
28:32 Bodkin Arrow
28:38 Padded Archer Armor
28:04 Man-at-Arms
28:04 Pikeman
28:22 Crossbowman
29:03 Scale Mail Armor
29:00 Halberdier
30:08 Forging
30:08 Bracer
37:12 Elite Skirmisher
43:39 Leather Archer Armor
44:59 Ring Archer Armor
45:06 Caravan
Ak-guy
10:27 Feudal Age
14:21 Castle Age
12:43 Double-Bit Axe
12:39 Horse Collar
15:29 Bow Saw
20:51 Wheelbarrow
21:24 Heavy Plow
22:16 Town Watch
22:22 Loom
23:11 Hand Cart
23:10 Gold Mining
24:41 Gold Shaft Mining
25:11 Stone Mining
29:31 Imperial Age
27:44 Stone Shaft Mining
29:07 Scale Barding Armor
29:12 Forging
29:08 Devotion
30:22 Conscription
30:04 Husbandry
30:14 Bloodlines
30:33 Elite War Elephant
32:25 Chain Barding Armor
32:41 Iron Casting
33:06 Fletching
34:36 Plate Barding Armor
36:11 Blast Furnace
39:39 Faith
39:09 Light Cavalry
40:46 Bodkin Arrow
41:37 Hussar
45:28 Chemistry
45:17 Padded Archer Armor
kinwaleung18
6:25 Loom
8:47 Feudal Age
11:10 Double-Bit Axe
11:16 Horse Collar
19:50 Castle Age
18:41 Scale Mail Armor
18:32 Man-at-Arms
19:56 Gold Mining
20:57 Squires
21:56 Wheelbarrow
21:51 Long Swordsman
22:32 Squires
22:18 Gambesons
23:54 Chain Mail Armor
23:50 Forging
32:39 Imperial Age
30:35 Stone Mining
30:59 Bow Saw
33:07 Capped Ram
33:25 Pikeman
36:51 Fletching
38:03 Chemistry
38:58 Ballistics
39:15 Bodkin Arrow
40:27 Onager
42:11 Hand Cart
42:28 Masonry
42:38 Siege Engineers
43:06 Town Watch
44:10 Heavy Plow
45:13 Halberdier
46:57 Plate Mail Armor
SeemsFishy
10:07 Feudal Age
13:53 Castle Age
12:10 Double-Bit Axe
12:50 Horse Collar
14:57 Bow Saw
17:50 Loom
18:11 Heavy Plow
19:02 Gold Mining
20:12 Light Cavalry
21:58 Wheelbarrow
22:59 Bloodlines
22:58 Husbandry
24:19 Gold Shaft Mining
23:35 Stone Mining
25:18 Scale Barding Armor
25:23 Forging
26:58 Chain Barding Armor
30:07 Imperial Age
28:26 Iron Casting
28:53 Fortified Wall
31:31 Plate Barding Armor
33:01 Blast Furnace
32:18 Elite Battle Elephant
33:54 Conscription
33:43 Tusk Swords
38:00 Coinage
37:52 Fletching
38:31 Masonry
40:34 Caravan
41:08 Banking
45:35 Hussar
毛毛鸡
6:03 Loom
8:42 Feudal Age
8:46 Man-at-Arms
12:56 Double-Bit Axe
13:14 Horse Collar
19:34 Castle Age
20:31 Bow Saw
20:36 Heavy Plow
22:47 Wheelbarrow
32:23 Imperial Age
30:08 Fortified Wall
30:24 Crossbowman
31:31 Fletching
32:08 Thumb Ring
32:12 Pikeman
32:52 Squires
32:38 Arson
32:41 Arbalester
33:47 Bodkin Arrow
34:14 Ballistics
33:30 Halberdier
35:36 Scale Mail Armor
36:08 Bracer
37:16 Chemistry
37:14 Chain Mail Armor
38:38 Plate Mail Armor
40:47 Forging
41:33 Bolt Magazine
41:53 Conscription
43:06 Siege Engineers
43:31 Gold Mining
44:05 Padded Archer Armor
46:14 Guilds
47:10 Coiled Serpent Array
48:16 Two-Man Saw
48:37 Stone Mining
49:24 Gold Shaft Mining
shenxu
10:26 Feudal Age
11:14 Double-Bit Axe
14:09 Castle Age
12:25 Horse Collar
15:01 Bow Saw
14:56 Heavy Plow
20:40 Wheelbarrow
20:30 Gold Mining
20:31 Stone Mining
23:12 Hand Cart
27:19 Imperial Age
25:33 Loom
25:34 Town Watch
26:02 Scale Barding Armor
27:10 Szlachta Privileges
27:26 Chain Barding Armor
28:01 Bloodlines
27:52 Husbandry
27:21 Cavalier
28:22 Conscription
28:14 Forging
29:02 Crop Rotation
29:33 Iron Casting
30:53 Chemistry
32:49 Blast Furnace
35:27 Block Printing
36:30 Theocracy
37:04 Sanctity
37:42 Light Cavalry
40:59 Lechitic Legacy
40:31 Fletching
41:28 Coinage
41:05 Winged Hussar
44:46 Caravan
45:16 Banking
45:03 Siege Engineers
45:18 Ballistics
45:16 Fervor
45:24 Bodkin Arrow
48:37 Bracer
48:19 Treadmill Crane
48:49 Masonry
肥肠拌面
10:18 Feudal Age
14:25 Castle Age
12:45 Double-Bit Axe
13:10 Horse Collar
21:53 Wheelbarrow
22:21 Loom
24:25 Heavy Plow
26:07 Hand Cart
29:18 Imperial Age
27:39 Scale Barding Armor
27:45 Forging
28:22 Gold Mining
28:25 Stone Mining
28:59 Chain Barding Armor
28:04 Vendel Legacy
29:25 Husbandry
29:36 Bloodlines
29:33 Cavalier
38:25 Plate Barding Armor
41:42 Iron Casting
40:56 Loom
40:57 Town Watch
42:00 Town Patrol
42:16 Guilds
43:00 Stone Shaft Mining
46:36 Blast Furnace
雀巢阿帆
10:49 Feudal Age
15:18 Castle Age
13:47 Double-Bit Axe
13:42 Horse Collar
18:46 Bow Saw
23:29 Heavy Plow
24:40 Wheelbarrow
23:52 Loom
25:02 Squires
29:29 Imperial Age
27:24 Gold Mining
28:23 Hand Cart
28:12 Scale Mail Armor
28:23 Forging
29:33 Gold Shaft Mining
29:58 Chain Mail Armor
29:34 Arson
30:01 Stone Mining
30:03 Capped Ram
31:45 Conscription
32:45 Plate Mail Armor
32:51 Iron Casting
31:40 Hamask
33:18 Elite Varangian Guard
33:46 Gambesons
34:10 Pikeman
34:44 Halberdier
38:28 Blast Furnace
39:22 Siege Ram
43:14 Town Watch
47:34 Siege Engineers
Connection lost

Rejoining the realm…

Still unreachable

The connection could not be restored.

Session expired

The server has moved on; the page needs a fresh start.